 Dungeon Crawl Stone Soup version 0.18.1-50-g88ac8fd (webtiles) character file.

270 dobroeutro the Cudgeler (level 6, -8/37 HPs)
             Began as a Gargoyle Fighter on Sept 16, 2016.
             Killed by nerve-wracking pain
             ... invoked by an orc priest
              (13 damage)
             ... on level 4 of the Dungeon.
             The game lasted 00:03:45 (3010 turns).

dobroeutro the Cudgeler (Gargoyle Fighter)          Turns: 3010, Time: 00:03:45

Health: -8/37      AC: 11    Str: 20    XL:     6   Next: 22%
Magic:  6/6        EV:  7    Int:  9    God:
Gold:   164        SH:  9    Dex: 10    Spells: 0 memorised, 5 levels left

rFire  . . .     SeeInvis .     a - +0 flail
rCold  . . .     Gourm    .     b - +0 scale mail
rNeg   + . .     Faith    .     c - +0 shield
rPois  ∞         Spirit   .     (no helmet)
rElec  +         Dismiss  .     (no cloak)
rCorr  .         Reflect  .     (no gloves)
SustAt .         Harm     .     (no boots)
MR     .....                    (no amulet)
Stlth  ..........               (no ring)
                                (no ring)

@: not resistant to hostile enchantments, extremely unstealthy
A: negative energy resistance 1, electricity resistance, unbreathing,
petrification resistance, rot immunity, AC +4
a: no special abilities


You were on level 4 of the Dungeon.
You were hungry.

You visited 1 branch of the dungeon, and saw 4 of its levels.

You collected 164 gold pieces.

Inventory:

Hand Weapons
 a - a +0 flail (weapon)
Armour
 b - a +0 scale mail (worn)
 c - a +0 shield (worn)
Scrolls
 e - a scroll of teleportation
 k - a scroll of remove curse
 l - a scroll of amnesia {unknown}
 m - 4 scrolls of identify {unknown}
 n - a scroll of magic mapping {unknown}
 o - a scroll of enchant armour {unknown}
 r - a scroll of recharging {unknown}
Potions
 d - 3 potions of might
 h - a potion of cancellation
Comestibles
 f - 7 bread rations
 g - a beef jerky
 i - 3 meat rations


   Skills:
 - Level 3.2 Fighting
 + Level 6.3 Maces & Flails
 - Level 3.2 Armour
 - Level 3.2 Shields


You had 5 spell levels left.
You didn't know any spells.

Dungeon Overview and Level Annotations

Branches:
Dungeon (4/15)
 Temple: D:4-7

Altars:
Fedhas
Gozag
Sif Muna


Innate Abilities, Weirdness & Mutations

You are resistant to torment.
Your stone body is resilient (AC +4).
You are immune to poison.
You resist negative energy.
You are resistant to electric shocks.
You can survive without breathing.
You are immune to petrification.
You are immune to rotting.


Message History

The orc wizard mumbles some strange words.
The orc wizard blinks!
The orc hits you but does no damage.
Unknown command.
You thump the orc!
You kill the orc!
You hit the orc priest.
The orc priest is heavily wounded.
The orc priest casts a cantrip, but nothing happens.
Unknown command.
You hit the orc priest but do no damage.
The orc priest is heavily wounded.
You hit the orc wizard but do no damage.
You block the orc wizard's attack.
The orc priest mumbles some strange prayers to Beogh against you.
You barely resist.
Unknown command.
The orc wizard hits you but does no damage.
The orc priest invokes the aid of Beogh against you.
Pain shoots through your body!
You die...

#### ####
#..##...##<. h.
#..o#.......
.....
#...@o......
#...#
#..##..#####
#...######..##+##
#............#
#.....!......#
#...##..##..##
#...##..###+##..
#..hS#..........
##....#..........


You could see an orc priest and an orc wizard.

Vanquished Creatures
  A hound (D:4)
  2 orc wizards (D:4)
  A worker ant (D:3)
  A hound skeleton (D:4)
  6 adders
  A gnoll (D:3)
  An ooze (D:3)
  3 worms
  A dart slug (D:1)
  3 giant geckos
  9 orcs
  A ball python (D:3)
  3 giant cockroaches
  6 goblins
  8 hobgoblins
  3 kobolds
  A quokka (D:4)
  9 bats
  4 giant newts
  5 rats
69 creatures vanquished.

Vanquished Creatures (others)
  A kobold (D:1)
1 creature vanquished.

Grand Total: 70 creatures vanquished

Notes
Turn   | Place    | Note
--------------------------------------------------------------
     0 | D:1      | dobroeutro the Gargoyle Fighter began the quest for the Orb.
     0 | D:1      | Reached XP level 1. HP: 14/14 MP: 1/1
    75 | D:1      | Reached XP level 2. HP: 7/19 MP: 2/2
   444 | D:1      | Reached skill level 3 in Maces & Flails
   631 | D:1      | Reached XP level 3. HP: 18/23 MP: 3/3
   823 | D:2      | Reached skill level 4 in Maces & Flails
  1134 | D:2      | Reached XP level 4. HP: 28/28 MP: 4/4
  1599 | D:2      | Found an opulent altar of Gozag.
  1599 | D:2      | Found a deep blue altar of Sif Muna.
  1974 | D:3      | Reached skill level 5 in Maces & Flails
  1974 | D:3      | Reached XP level 5. HP: 15/32 MP: 5/5
  2401 | D:3      | Found a blossoming altar of Fedhas.
  2588 | D:4      | Reached skill level 6 in Maces & Flails
  2832 | D:4      | Reached XP level 6. HP: 33/37 MP: 6/6
  2994 | D:4      | HP: 1/37 [orc priest/nerve-wracking pain (8)]
  3010 | D:4      | Killed from afar by an orc priest

Skill      XL: |  1  2  3  4  5 |
---------------+----------------+-----
Maces & Flails | 3 4 5 6 |  6.3
Fighting       | |  3.2
Armour         | |  3.2
Shields        | |  3.2

Action                   |  1- 3 |  4- 6 || total
-------------------------+-------+-------++-------
Melee: Flail             |   160 |   188 ||   348
  Use: Potion            |       |     6 ||     6
       Scroll            |       |     4 ||     4
  Eat: Chunk             |       |     7 ||     7
Armor: Scale mail        |   101 |   109 ||   210
       Skin              |       |     8 ||     8
Dodge: Dodged            |    62 |    48 ||   110
Block: Shield            |   103 |    99 ||   202
